 Dungeon Crawl Stone Soup version 0.25.0-46-gbd7b0854d2 (webtiles) character file.

Game seed: 4871912254357853876

627 Ethylacetat the Poker (level 7, 0/99 HPs)
             Began as a Naga Gladiator on July 13, 2020.
             Was a Believer of Okawaru.
             Succumbed to an orc wizard's poison
             ... on level 5 of the Dungeon.
             The game lasted 00:08:15 (4752 turns).

Ethylacetat the Poker (Naga Gladiator)              Turns: 4752, Time: 00:08:16

Health: 0/99       AC:  4    Str: 18    XL:     7   Next: 48%
Magic:  0/8        EV: 10    Int:  8    God:    Okawaru [**....]
Gold:   160        SH:  0    Dex: 13    Spells: 6/6 levels left

rFire    . . .     SeeInvis +   a - +0 trident
rCold    . . .     Gourm    .   (no shield)
rNeg     . . .     Faith    .   b - +0 leather armour
rPois    +         Spirit   +   c - +0 helmet
rElec    .         Reflect  .   (no cloak)
rCorr    .         Harm     .   (no gloves)
MR       .....                  (no barding)
Stlth    ..........             l - amulet of guardian spirit
HPRegen  0.26/turn              (no ring)
MPRegen  0.11/turn              (no ring)

@: berserking, lethally poisoned (0 -> -1), quick
A: large, see invisible, deformed body, poison resistance, slowness 2, slow
metabolism 1, spit poison 1, AC +2
a: Spit Poison, Heroism, Renounce Religion


You were on level 5 of the Dungeon.
You worshipped Okawaru.
Okawaru was pleased with you.
You were not hungry.

You visited 1 branch of the dungeon, and saw 6 of its levels.

You collected 160 gold pieces.

Inventory:

Hand Weapons
 a - a +0 trident (weapon)
Missiles
 d - 4 throwing nets (quivered)
Armour
 b - a +0 leather armour (worn)
 c - a +0 helmet (worn)
Jewellery
 l - an amulet of guardian spirit (around neck)
Wands
 s - a wand of flame (18)
Scrolls
 e - a scroll of enchant armour {unknown}
 g - 4 scrolls of identify {unknown}
 j - a scroll of fog {unknown}
 n - 2 scrolls of immolation {unknown}
 o - 6 scrolls of remove curse {unknown}
 q - a scroll of fear {unknown}
 r - a scroll of noise {unknown}
 u - 3 scrolls of teleportation {unknown}
 w - a scroll of random uselessness {unknown}
 x - a scroll of blinking {unknown}
 y - 2 scrolls of enchant weapon {unknown}
Potions
 h - a potion of mutation {unknown}
 k - 4 potions of curing {unknown}
 m - 2 potions of heal wounds {unknown}
 p - a potion of haste {unknown}
 v - a potion of degeneration {unknown}
Comestibles
 f - 12 rations
 t - a chunk of flesh


   Skills:
 + Level 4.6 Fighting
 * Level 6.8 Polearms
 - Level 1.7 Throwing
 - Level 2.4 Dodging
 + Level 2.4 Invocations


You had 6 spell levels left.
You didn't know any spells.
Your spell library was empty.

Dungeon Overview and Level Annotations

Branches:
Dungeon (6/15)             Temple (0/1) D:5

Altars:
Cheibriados
Okawaru
Qazlal
Sif Muna
Trog
Xom
The Shining One


Innate Abilities, Weirdness & Mutations

You cannot wear boots.
Your serpentine skin is tough. (AC +2)
You have supernaturally acute eyesight. (SInv)
Armour fits poorly on your strangely shaped body.
Your system is resistant to poisons. (rPois)
You cover ground very slowly.
You have a slow metabolism.
You can spit poison.


Message History

The orc hits you with a +0 mace.
* * * LOW HITPOINT WARNING * * *
The orc wizard barely misses you.
You closely miss the orc wizard.
The orc wizard is severely wounded.
You feel sick.
You closely miss the orc wizard.
The orc wizard is severely wounded.
The orc wizard hits you but does no damage.
You puncture the orc wizard!
You kill the orc wizard!
Okawaru accepts your kill.
You barely miss the phantom. The phantom closely misses you.
You closely miss the orc. The phantom hits you.
* * * LOW HITPOINT WARNING * * *
The orc hits you.
* * * LOW HITPOINT WARNING * * *
You hit the orc.
The orc is lightly wounded.
You die...

.## ##### ..# #...## ####### ..#
#.#..## #...(.# ..## #>##..#
#.....# ...###.###.### #.....#
.............#### #.....#####
................## #..........
.............##..######.....####.
.#...>.......###@##.........###..
.##..........###Wo..............#
..#....<.....)[.o.........#######
#.#.........[)).....#.....#
#..#.###....#>).........######
.(.#.###............##.....[.#
.....#.....(.................#
...........#........#..###...#
.....(..............<..###...###


You could see a phantom and 2 orcs.

Vanquished Creatures
  Sigmund (D:2)
  The ghost of walterwhite the Poker, an amateur MfGl (D:3)
  A crimson imp (D:5)
  A bullfrog skeleton (D:5)
  A centaur skeleton (D:4)
  2 hounds
  Terence (D:2)
  2 orc wizards (D:5)
  2 worker ants
  A howler monkey skeleton (D:4)
  4 adders (D:2)
  An adder skeleton (D:5)
  2 dart slugs
  2 leopard geckos
  10 orcs
  2 bats (D:3)
  3 giant cockroaches
  A goblin (D:1)
  5 hobgoblins
  4 jackals (D:1)
  6 kobolds
  2 quokkas
  A ball python (D:2)
  5 frilled lizards
  5 rats
66 creatures vanquished.

Notes
Turn   | Place    | Note
-------+----------+-------------------------------------------
     0 | D:1      | Ethylacetat the Naga Gladiator began the quest for the Orb.
     0 | D:1      | Reached XP level 1. HP: 19/19 MP: 1/1
   511 | D:1      | Reached XP level 2. HP: 26/26 MP: 2/2
  1032 | D:2      | Found a shimmering altar of Xom.
  1065 | D:1      | Reached XP level 3. HP: 14/33 MP: 3/3
  1384 | D:2      | Noticed Terence
  1397 | D:2      | Killed Terence
  1397 | D:2      | Reached skill level 4 in Polearms
  1491 | D:2      | Found a shimmering altar of Xom.
  1491 | D:2      | Found a shimmering altar of Xom.
  1498 | D:2      | Found a shimmering altar of Xom.
  1504 | D:2      | Reached XP level 4. HP: 40/40 MP: 4/4
  1594 | D:2      | Found an iron altar of Okawaru.
  1608 | D:2      | Became a worshipper of Warmaster Okawaru
  1899 | D:2      | Found a glowing golden altar of the Shining One.
  1961 | D:2      | Noticed Sigmund
  1986 | D:2      | Killed Sigmund
  1986 | D:2      | Reached * piety under Okawaru
  1986 | D:2      | Reached skill level 5 in Polearms
  1986 | D:2      | Reached XP level 5. HP: 9/50 MP: 5/5
  1986 | D:2      | Reached XP level 6. HP: 10/57 MP: 6/6
  2389 | D:2      | Found a shimmering altar of Xom.
  2494 | D:2      | Found a shimmering blue altar of Sif Muna.
  2764 | D:3      | Found a runed translucent door.
  2766 | D:3      | Found a snail-covered altar of Cheibriados.
  2767 | D:3      | Noticed walterwhite's ghost (amateur MfGl)
  2787 | D:3      | Killed walterwhite's ghost
  2787 | D:3      | Reached skill level 6 in Polearms
  2787 | D:3      | Reached skill level 1 in Invocations
  3382 | D:4      | Found a bloodstained altar of Trog.
  3383 | D:4      | Found an iron altar of Okawaru.
  3869 | D:4      | Reached XP level 7. HP: 59/64 MP: 6/8
  3898 | D:4      | Found a stormy altar of Qazlal.
  3978 | D:5      | Entered Level 5 of the Dungeon
  4532 | D:5      | Found a staircase to the Ecumenical Temple.
  4637 | D:5      | Reached ** piety under Okawaru
  4751 | D:5      | HP: 3/99 [phantom (3)]
  4751 | D:5      | HP: 1/99 [orc (2)]
  4752 | D:5      | Succumbed to an orc wizard's poison

Illustrated notes

Levels and vault maps discovered:
D:1:      dpeg_arrival_signposts, layout_basic
D:2:      layout_rooms, xom_redecorated, nicolae_tso_swordbearing_angel,
          lemuel_round_altar, first_ration, okawaru_trees_1, uniq_sigmund,
          uniq_terence
D:3:      layout_basic, overflow_temple_1_default,
          hellmonk_ghost_happy_afterlife
D:4:      layout_loops_ring, grunt_temple_overflow_bloody_war,
          lemuel_coloured_pillars_altar
D:5:      layout_rooms, lemuel_temple_firewalk_b
D:6:      layout_basic, basic_altar, kennysheep_nondescript

Skill      XL: |  1  2  3  4  5  6  7 |
---------------+----------------------+-----
Polearms       | 4 5 6 |  6.8
Fighting       | 3 4 |  4.6
Invocations    | 1 2 |  2.4
Throwing       | |  1.7
Dodging        | |  2.4

Action                   |  1- 3 |  4- 6 |  7- 9 || total
-------------------------+-------+-------+-------++-------
Melee: Trident           |    78 |   114 |    76 ||   268
       Hand axe          |     4 |       |       ||     4
 Abil: Spit Poison       |     2 |     6 |     2 ||    10
  Use: Potion            |       |       |     1 ||     1
 Stab: Sleeping          |       |     2 |       ||     2
       Distracted        |       |     1 |       ||     1
  Eat: Chunk             |     1 |     6 |     3 ||    10
Armor: Leather armour    |    24 |    26 |    24 ||    74
Dodge: Dodged            |    52 |    41 |    49 ||   142
